 Dungeon Crawl Stone Soup version 0.29.1-1-gd02db6906a (webtiles) character file.

Game seed: 11215461799382236100

27 mopl the Poker (level 2, -3/23 HPs)
             Began as a Palentonga Gladiator on Oct 19, 2022.
             Slain by Terence
             ... wielding a +0 flail
              (4 damage)
             ... on level 2 of the Dungeon.
             The game lasted 00:00:49 (602 turns).

mopl the Poker (Palentonga Gladiator)                Turns: 602, Time: 00:00:50

Health: -3/23      AC:  7    Str: 19    XL:     2   Next: 93%
Magic:  2/2        EV:  8    Int:  8    God:
Gold:   49         SH:  0    Dex: 11    Spells: 1/1 levels left

rFire   . . .      SeeInvis +   a - +0 trident
rCold   . . .      Faith    .   (no shield)
rNeg    . . .      Spirit   .   l - +0 scale mail
rPois   .          Reflect  .   c - +0 helmet
rElec   .          Harm     .   (no cloak)
rCorr   .          Rampage  .   (no gloves)
Will    .....                   (no barding)
Stlth   ..........              (no amulet)
HPRegen 0.07/turn               (no ring)
MPRegen 0.08/turn               (no ring)

@: no status effects
A: large, rugged brown scales 3, see invisible, deformed body, roll 1, armoured
tail
a: Rolling Charge


You were on level 2 of the Dungeon.
You visited 1 branch of the dungeon, and saw 2 of its levels.

You collected 49 gold pieces.

Inventory:

Hand Weapons
 a - a +0 trident (weapon)
Missiles
 b - 4 boomerangs
 d - 3 throwing nets
 e - a javelin
 h - 3 poisoned darts (quivered)
Armour
 c - a +0 helmet (worn)
 l - a +0 scale mail (worn)
Scrolls
 f - a scroll of fog {unknown}
 i - 3 scrolls of identify {unknown}
 k - a scroll of poison {unknown}
Potions
 g - a potion of curing {unknown}
 j - 3 potions of heal wounds {unknown}
 m - a potion of brilliance {unknown}


   Skills:
 + Level 2.3 Fighting
 * Level 3.1 Polearms
 + Level 1.6 Throwing
 + Level 0.5 Armour
 + Level 2.5 Dodging


You had one spell level left.
You didn't know any spells.
Your spell library contained the following spells:

 Spells                   Type           Power      Damage    Failure   Level
 Foxfire                  Conj/Fire      0%         2x1d4     80%         1
 Conjure Flame            Conj/Fire      0%         6-21      99%         3
 Inner Flame              Hex/Fire       0%         N/A       99%         3
 Flame Wave               Conj/Fire      0%         2d4       100%        4


Dungeon Overview and Level Annotations

Branches:
Dungeon (2/15)

Altars:

Annotations:
D:2 Terence


Innate Abilities, Weirdness & Mutations

You are completely covered in rugged brown scales. (AC +3, +7% HP)
You have supernaturally acute eyesight. (SInv)
Armour fits poorly on your strangely shaped body.
You can roll at nearby foes to attack.
You have a long armoured tail.


Message History

You barely miss Terence. Terence hits you with a +0 flail.
You hit Terence.
Your tail-slap misses Terence.
Terence is lightly wounded.
Terence hits you but does no damage.
You barely miss Terence.
Terence is lightly wounded.
Terence closely misses you.
You closely miss Terence.
Terence is lightly wounded.
Terence hits you with a +0 flail!
You are too injured to fight recklessly!
Terence is nearby!
You barely miss Terence.
Terence is lightly wounded.
Terence closely misses you. Terence hits you with a +0 flail.
You hit Terence but do no damage.
Terence is lightly wounded.
Terence barely misses you.
You barely miss Terence.
Terence is lightly wounded.
Terence hits you with a +0 flail.
* * * LOW HITPOINT WARNING * * *
You hit Terence but do no damage.
Your tail-slap misses Terence.
Terence is lightly wounded.
Terence hits you with a +0 flail.
* * * LOW HITPOINT WARNING * * *
You hit Terence.
Terence is moderately wounded.
Terence barely misses you.
You puncture Terence!
Terence is heavily wounded.
Terence closely misses you.
Throw: 4 darts (poison)
Press: ? - help, Q - select action, (/) - cycle Shift-Dir - straight line, f - Terence
Aim: Terence, wielding a +0 flail and wearing a +1 chain mail of cold resistance (heavily wounded, 64% to hit)
You throw a poisoned dart. The poisoned dart hits Terence.
Terence is poisoned.
Terence is heavily wounded.
Terence closely misses you. Terence attacks as you move away!
Terence hits you with a +0 flail.
You die...

#.#### ##.# #..#
#.## #.# ##.#
###..#########
#............#
#.##....@@...#
#. #.........#
..............#
#####..........#
#..........#
##########.# .#
#


You could see Terence (poisoned).

Vanquished Creatures
  A dart slug (D:1)
  3 endoplasms (D:1)
  4 goblins (D:1)
  3 hobgoblins (D:1)
  2 jackals (D:1)
  2 kobolds
  2 quokkas (D:1)
  A bat (D:1)
  2 frilled lizards
20 creatures vanquished.

Notes
Turn   | Place    | Note
-------+----------+-------------------------------------------
     0 | D:1      | mopl the Palentonga Gladiator began the quest for the Orb.
     0 | D:1      | Reached XP level 1. HP: 17/17 MP: 1/1
   134 | D:1      | Reached XP level 2. HP: 23/23 MP: 2/2
   136 | D:1      | Reached skill level 3 in Polearms
   587 | D:2      | Noticed Terence
   597 | D:2      | HP: 1/23 [Terence/+0 flail (6)]
   602 | D:2      | Slain by Terence

Illustrated notes

Levels and vault maps discovered:
D:1:      lightli_arrival_chessboard, layout_basic, chequers_garden,
          minmay_misc_feat_rugged
D:2:      layout_basic, hellmonk_ecumenical_altar_leap_of_faith,
          minmay_misc_feat_five, chequers_serial_rivers_room_b, uniq_terence

Skill      XL: |  1  2 |
---------------+-------+-----
Polearms       | 3 |  3.1
Fighting       | |  2.3
Throwing       | |  1.6
Armour         | |  0.5
Dodging        | |  2.5

Action                   || total
-------------------------++-------
Melee: Trident           ||    59
       Tailslap          ||     7
Throw: Dart              ||     1
Armor: Leather armour    ||     7
       Scale mail        ||    12
Dodge: Dodged            ||    20
